 Dungeon Crawl Stone Soup version 0.14.0-24-gfb45beb (webtiles) character file.

250 4tharraofdagon the Firebug (level 5, -3/28 HPs)
             Began as a Deep Elf Fire Elementalist on Apr 24, 2014.
             Was a Follower of Sif Muna.
             Slain by a centaur (4 damage)
             ... on Level 7 of the Dungeon.
             The game lasted 00:07:21 (1169 turns).

4tharraofdagon the Firebug (DEFE)                   Turns: 1169, Time: 00:07:21

HP  -3/28        AC  3     Str  5      XL: 5   Next: 58%
MP   6/18        EV 13     Int 21      God: Sif Muna [*.....]
Gold 38          SH  0     Dex 15      Spells:  3 memorised,  4 levels left

rFire  . . .     SeeInvis .     e - +0,+2 dagger (elec)
rCold  . . .     Clarity  .     a - +0 robe
rNeg   . . .     Conserve .     (no shield)
rPois  .         rCorr    .     (no helmet)
rElec  .         rRot     .     l - +0 cloak
SustAb . .       Spirit   .     (no gloves)
rMut   .         Warding  .     (no boots)
Saprov . . .     Stasis   .     m - amulet of rage
MR     .....                    (no ring)
                                (no ring)

@: very slightly contaminated, not resistant to hostile enchantments, fairly
stealthy
A: no striking features
a: Channel Energy, Renounce Religion, Evoke Berserk Rage


You were on level 7 of the Dungeon.
You worshipped Sif Muna.
Sif Muna was aware of your devotion.
You were not hungry.

You visited 2 branches of the dungeon, and saw 8 of its levels.

You collected 38 gold pieces.

Inventory:

Hand weapons
 e - a +0,+2 dagger of electrocution (weapon)
Armour
 a - a +0 robe (worn)
 l - a +0 cloak (worn)
Magical devices
 n - a wand of digging (14)
Comestibles
 c - 2 bread rations
Scrolls
 d - 3 scrolls of identify
 f - a scroll of magic mapping
 g - 2 scrolls of remove curse
 i - a scroll of fear
 j - a scroll of teleportation
 o - a scroll of amnesia {unknown}
 q - a scroll of recharging {unknown}
Jewellery
 m - an amulet of rage (around neck)
Potions
 h - a potion of poison
 k - a potion of restore abilities
Books
 b - a book of Flames

   Spells                             Type                      Level
   *Flame Tongue                      Conjuration/Fire             1
   Throw Flame                        Conjuration/Fire             2
   *Conjure Flame                     Conjuration/Fire             3
   Inner Flame                        Hexes/Fire                   3
   *Sticky Flame                      Conjuration/Fire             4
   Fireball                           Conjuration/Fire             5


   Skills:
 - Level 2.4 Dodging
 - Level 2.4 Stealth
 + Level 4.2 Spellcasting
 + Level 3.8 Conjurations
 + Level 5.2 Fire Magic
 * Level 0.0 Invocations


You had 4 spell levels left.
You knew the following spells:

 Your Spells              Type           Power        Failure   Level  Hunger
a - Flame Tongue          Conj/Fire      ###..        1%          1    None
b - Conjure Flame         Conj/Fire      ###.....     6%          3    ###....
c - Sticky Flame          Conj/Fire      ###.....     21%         4    ####...


Dungeon Overview and Level Annotations

Branches:
Dungeon (7/15)             Temple (1/1) D:4

Altars:
Ashenzari
Cheibriados
Elyvilon
Fedhas
Kikubaaqudgha
Makhleb
Nemelex Xobeh
Okawaru
Sif Muna
Xom
Zin
The Shining One


Message History

The centaur is covered in liquid flames!
The centaur burns!
The centaur hits you but does no damage.
The centaur hits you.
* * * LOW HITPOINT WARNING * * *
Unknown command.
Unknown command.
Unknown command.
Unknown command.
Drink which item? (? for menu, Esc to quit)
Okay, then.
Casting: Sticky Flame
Confirm with . or Enter, or press ? or * to list all spells.
Aiming: Flame Tongue
Press: ? - help, Shift-Dir - straight line, f/p - centaur
Aim: a centaur (heavily wounded, covered in liquid flames)
The flame tongue hits the centaur.
The centaur is almost dead.
The centaur burns!
The centaur hits you.
You die...

$....P P ......#
.P #......###.
#.#.......
#........#
#(.....##
#....!..#
#...<...#
#.....(@#
##......c.......
##...######.##
##.## #.# ...
##.# #..


You could see a centaur (burning).

Vanquished Creatures
  A giant frog (D:6)
  An iguana (D:6)
  Natasha (twice) (D:5)
  A worker ant (D:4)
  A giant mite (D:1)
  An adder (D:5)
  A worm (D:6)
  An orc (D:4)
  A bat skeleton (D:4)
  A giant cockroach (D:5)
  3 hobgoblins (D:6)
  7 jackals (D:1)
  A ball python skeleton (D:5)
  6 bats
  2 giant newts
  4 goblins
  A jackal skeleton (D:5)
  6 kobolds
  A kobold skeleton (D:4)
  11 rats
53 creatures vanquished.

Notes
Turn   | Place    | Note
--------------------------------------------------------------
     0 | D:1      | 4tharraofdagon, the Deep Elf Fire Elementalist, began the quest for the Orb.
     0 | D:1      | Reached XP level 1. HP: 10/10 MP: 5/5
    66 | D:1      | Reached XP level 2. HP: 15/15 MP: 1/8
   175 | D:1      | Reached skill level 4 in Fire Magic
   317 | D:1      | Reached XP level 3. HP: 16/19 MP: 0/11
   322 | D:1      | Learned a level 3 spell: Conjure Flame
   585 | D:4      | Found a staircase to the Ecumenical Temple.
   599 | Temple   | Entered the Ecumenical Temple
   635 | Temple   | Became a worshipper of Sif Muna the Loreminder
   636 | Temple   | :(
   786 | D:5      | Entered Level 5 of the Dungeon
   803 | D:5      | Reached XP level 4. HP: 17/24 MP: 14/14
   819 | D:5      | Learned a level 4 spell: Sticky Flame
   886 | D:5      | Noticed Natasha
   892 | D:5      | Killed Natasha
   894 | D:5      | Noticed a centaur
   912 | D:5      | Noticed Natasha
   920 | D:5      | Killed Natasha
  1052 | D:6      | Noticed a giant frog
  1060 | D:6      | Killed a giant frog
  1060 | D:6      | Reached skill level 5 in Fire Magic
  1060 | D:6      | Reached XP level 5. HP: 28/28 MP: 7/18
  1135 | D:6      | Acquired Sif Muna's first power
  1163 | D:7      | Noticed a centaur
  1168 | D:7      | HP: 1/28 [centaur (3)]
  1169 | D:7      | Slain by a centaur

Action                   |  1- 3 |  4- 6 || total
-------------------------+-------+-------++-------
Melee: Unarmed           |     1 |       ||     1
       Dagger            |    39 |    23 ||    62
 Cast: Flame Tongue      |    44 |    15 ||    59
       Conjure Flame     |     1 |     1 ||     2
       Sticky Flame      |       |     5 ||     5
Invok: Channel Energy    |       |     3 ||     3
Evoke: Wand              |       |     1 ||     1
  Use: Scroll            |     2 |     5 ||     7
 Stab: Sleeping          |     1 |     1 ||     2
